 Dungeon Crawl Stone Soup version 0.24-a0-762-gca426f56c8 (webtiles) character file.

Game seed: 10720293958891934813, levelgen mode: deterministic

627 Engwar the Carver (level 7, -1/93 HPs)
             Began as a Naga Berserker on Oct 3, 2019.
             Was a Believer of Trog.
             Slain by an ogre
             ... wielding a +0 giant club
              (9 damage)
             ... on level 4 of the Dungeon.
             The game lasted 00:09:52 (3120 turns).

Engwar the Carver (Naga Berserker)                  Turns: 3120, Time: 00:09:53

Health: -1/93      AC:  8    Str: 26    XL:     7   Next: 47%
Magic:  7/7        EV:  8    Int:  8    God:    Trog [**....]
Gold:   182        SH:  0    Dex: 10    Spells: 6/6 levels left

rFire    . . .     SeeInvis +   a - +1 falchion
rCold    + . .     Gourm    .   (no shield)
rNeg     . . .     Faith    .   g - +0 scale mail
rPois    +         Spirit   .   (no helmet)
rElec    .         Reflect  .   l - +2 cloak {rPois}
rCorr    .         Harm     .   (no gloves)
MR       .....                  (no barding)
Stlth    ..........             (no amulet)
HPRegen  0.25/turn              i - ring of protection from cold
MPRegen  0.10/turn              (no ring)

@: berserking, short of breath, quick
A: large, see invisible, deformed body, poison resistance, slowness 2, slow
metabolism 1, spit poison 1, AC +2
a: Spit Poison, Berserk, Trog's Hand, Renounce Religion


You were on level 4 of the Dungeon.
You worshipped Trog.
Trog was pleased with you.
You were very hungry.

You visited 1 branch of the dungeon, and saw 4 of its levels.

You collected 182 gold pieces.

Inventory:

Hand Weapons
 a - a +1 falchion (weapon)
Missiles
 k - 73 poisoned darts (quivered)
Armour
 g - a +0 scale mail (worn)
 l - a +2 cloak of poison resistance (worn)
Jewellery
 i - a ring of protection from cold (left hand)
Scrolls
 d - 2 scrolls of identify
 e - 3 scrolls of teleportation
Potions
 h - a potion of lignification
 m - 2 potions of heal wounds
 o - a potion of mutation
 q - 2 potions of brilliance
 r - a potion of curing
Comestibles
 c - 9 rations


   Skills:
 - Level 3.4 Fighting
 + Level 8.1 Long Blades
 - Level 1.8 Armour
 - Level 1.7 Dodging


You had 6 spell levels left.
You didn't know any spells.
Your spell library contained the following spells:

 Spells                   Type           Power        Failure   Level  Hunger
 Magic Dart               Conj           #...         71%         1    ##.....
 Blink                    Tloc           N/A          83%         2    ###....
 Call Imp                 Summ           #.......     83%         2    ###....
 Slow                     Hex            #.......     83%         2    ###....
 Conjure Flame            Conj/Fire      #.......     97%         3    ####...
 Mephitic Cloud           Conj/Pois/Air  #.......     97%         3    ####...


Dungeon Overview and Level Annotations

Branches:
Dungeon (4/15)             Temple (0/1) D:4

Altars:
Fedhas
Qazlal
Sif Muna
Wu Jian
The Shining One


Innate Abilities, Weirdness & Mutations

You cannot wear boots.
Your serpentine skin is tough. (AC +2)
You have supernaturally acute eyesight. (SInv)
Armour fits poorly on your strangely shaped body.
Your system is resistant to poisons. (rPois)
You cover ground very slowly.
You have a slow metabolism.
You can spit poison.


Message History

You closely miss the ogre.
The orc wizard mumbles some strange words.
The orc wizard seems to speed up.
The ogre hits you with a +0 giant club!
You barely miss the ogre.
The ogre hits you with a +0 giant club!!
* * * LOW HITPOINT WARNING * * *
You are too injured to fight recklessly!
Press: ? - help, Shift-Dir - straight line, f - ogre
Aim: an ogre, wielding a +0 giant club The splash of poison hits the ogre.
The ogre is poisoned.
The ogre is lightly wounded.
You feel slightly more hungry. The ogre hits you with a +0 giant club!
* * * LOW HITPOINT WARNING * * *
A red film seems to cover your vision as you go berserk!
You feel yourself moving faster!
You feel mighty!
You are feeling very hungry.
You hit the ogre.
The ogre is moderately wounded.
The ogre hits you with a +0 giant club!
You die...

............#*,,,*****
..>.........++,,,+,,,**
*#..........#*,,,***,,*
#..........##**** **,*
##...........# ***+###*****
.............# *,,....,,,,*
.............# *,.....,,,,*
.............######......,,,,***
.#.........#....@Oo......,,,,,,**
##.####.#..###########..#***,,,,,
.#.* #.#..# **,,,,,,,,,,
.#.####.#..# ####### *,,,,,,,,,,
.+.........####.....#**,,,,,,,,,,
.#............'.....+,,,,,,,,,,,,
.+......##.####.....#***,*****,,*
.##.....##+####.....#***,,* *,,*
..+..........,+.....+,,**,* *,,*


You could see an ogre and an orc wizard.

Vanquished Creatures
  Sigmund (D:2)
  Edmund (D:4)
  A phantom (D:4)
  2 hounds
  Crazy Yiuf (D:2)
  Jessica (D:3)
  A worker ant (D:4)
  Terence (D:2)
  5 adders
  An ooze (D:3)
  A worm (D:3)
  2 dart slugs (D:1)
  3 leopard geckos
  7 orcs
  6 giant cockroaches
  10 goblins
  6 hobgoblins
  4 jackals (D:3)
  3 quokkas
  4 frilled lizards
  6 kobolds
  A leopard gecko skeleton (D:4)
  3 rats
71 creatures vanquished.

Notes
Turn   | Place    | Note
-------+----------+-------------------------------------------
     0 | D:1      | Engwar the Naga Berserker began the quest for the Orb.
     0 | D:1      | Reached XP level 1. HP: 21/21 MP: 1/1
     7 | D:1      | You fall into a shaft and drop 1 floor!
    84 | D:2      | Noticed Terence
    96 | D:2      | Killed Terence
    96 | D:2      | Reached XP level 2. HP: 28/28 MP: 2/2
    96 | D:2      | Reached XP level 3. HP: 34/34 MP: 3/3
   734 | D:2      | Reached skill level 4 in Long Blades
   827 | D:2      | Found a glowing golden altar of the Shining One.
   837 | D:2      | Found a blossoming altar of Fedhas.
   847 | D:2      | Noticed Sigmund
   861 | D:2      | Killed Sigmund
   861 | D:2      | Reached skill level 5 in Long Blades
   861 | D:2      | Reached XP level 4. HP: 42/42 MP: 4/4
   861 | D:2      | Reached XP level 5. HP: 49/49 MP: 5/5
  1007 | D:2      | Found a runed translucent door.
  1008 | D:2      | Noticed Crazy Yiuf
  1017 | D:2      | Killed Crazy Yiuf
  1017 | D:2      | Reached skill level 6 in Long Blades
  1017 | D:2      | Reached XP level 6. HP: 56/56 MP: 6/6
  1137 | D:2      | Reached ** piety under Trog
  2290 | D:3      | Noticed Jessica
  2302 | D:3      | Killed Jessica
  2330 | D:3      | Reached skill level 7 in Long Blades
  2521 | D:4      | Found an ornate altar of the Wu Jian Council.
  2521 | D:4      | Noticed a phantom
  2552 | D:4      | Found a shimmering blue altar of Sif Muna.
  2552 | D:4      | Noticed Edmund
  2563 | D:4      | Killed Edmund
  2563 | D:4      | Reached XP level 7. HP: 59/62 MP: 7/7
  2637 | D:4      | Reached skill level 8 in Long Blades
  2833 | D:4      | Found a stormy altar of Qazlal.
  3120 | D:4      | Slain by an ogre

Levels and vault maps discovered:
D:1:      minmay_arrival_diagonal_passages, layout_basic
D:2:      layout_rooms, fedhas_altar_3, nicolae_overflow_crystal_walls,
          first_ration, uniq_crazy_yiuf_cottage, uniq_sigmund, uniq_terence
D:3:      layout_rooms, minivault_23, minmay_misc_feat_four_crosses,
          minmay_misc_feat_diagonals, uniq_jessica
D:4:      layout_basic, led_sif_book, overflow_temple_1_default,
          minmay_temple_entry_waves, grunt_qazlal_clouds, uniq_blork_the_orc,
          uniq_robin, uniq_edmund

Skill      XL: |  1  2  3  4  5  6  7 |
---------------+----------------------+-----
Long Blades    | 5 6 7 8 |  8.1
Fighting       | |  3.4
Armour         | |  1.8
Dodging        | |  1.7

Action                   |  1- 3 |  4- 6 |  7- 9 || total
-------------------------+-------+-------+-------++-------
Melee: Falchion          |    66 |   189 |    47 ||   302
Invok: Berserk           |     2 |     5 |     1 ||     8
       Trog's Hand       |       |     1 |       ||     1
 Abil: Spit Poison       |     1 |       |     1 ||     2
  Use: Scroll            |       |     6 |     6 ||    12
  Eat: Chunk             |       |    10 |     2 ||    12
Armor: Ring mail         |     4 |       |       ||     4
       Animal skin       |     2 |       |       ||     2
       Scale mail        |    21 |   111 |    13 ||   145
Dodge: Dodged            |    28 |   101 |    12 ||   141
       Rpst.: Falchion   |    11 |    23 |     5 ||    39

Table legend:
 A = Non-vault XP
 B = Vault XP
 C = Vault XP percentage of total XP
 D = Non-vault monster count
 E = Vault monster count
 F = Vault count percentage of total count
                 A         B        C        D         E       F
            +---------+---------+-------+---------+---------+-------
      Total |     422 |     474 |  52.9 |      66 |       5 |   7.0
            +---------+---------+-------+---------+---------+-------
        D:1 |      30 |       0 |   0.0 |      14 |       0 |   0.0
        D:2 |      31 |     288 |  90.3 |      13 |       3 |  18.8
        D:3 |     160 |      37 |  18.8 |      31 |       1 |   3.1
        D:4 |     201 |     149 |  42.6 |       8 |       1 |  11.1
            +---------+---------+-------+---------+---------+-------
